 Dungeon Crawl Stone Soup version 0.29.1-2-gbd0b4ee654 (webtiles) character file.

Game seed: 7094281789212634858

55 kingsuperguy the Chopper (level 3, -5/34 HPs)
             Began as a Minotaur Berserker on Nov 30, 2022.
             Was a Believer of Trog.
             Killed from afar by an orc wizard (11 damage)
             ... with a puff of flame
             ... on level 3 of the Dungeon.
             The game lasted 00:02:09 (2092 turns).

kingsuperguy the Chopper (Minotaur Berserker)       Turns: 2092, Time: 00:02:10

Health: -5/34      AC: 10    Str: 29    XL:     3   Next: 67%
Magic:  2/2        EV:  9    Int:  4    God:    Trog [**....]
Gold:   106        SH:  0    Dex:  9    Spells: 2/2 levels left

rFire   . . .      SeeInvis .   a - +0 hand axe
rCold   . . .      Faith    .   (no shield)
rNeg    . . .      Spirit   .   k - +0 chain mail
rPois   .          Reflect  .   (helmet restricted)
rElec   .          Harm     .   (no cloak)
rCorr   +          Rampage  .   t - +0 pair of gloves
Will    .....                   (no boots)
Stlth   ..........              (no amulet)
HPRegen 0.11/turn               m - +6 ring of strength
MPRegen 0.08/turn               n - ring of resist corrosion

@: no status effects
A: horns 2, retaliatory headbutt
a: Renounce Religion, Berserk, Trog's Hand


You were on level 3 of the Dungeon.
You worshipped Trog.
Trog was pleased with you.
You visited 1 branch of the dungeon, and saw 3 of its levels.

You collected 106 gold pieces.

Inventory:

Hand Weapons
 a - a +0 hand axe (weapon)
Missiles
 s - 2 datura-tipped darts (quivered)
Armour
 b - a +0 animal skin
 k - a +0 chain mail (worn)
 t - a +0 pair of gloves (worn)
Jewellery
 m - a +6 ring of strength (left hand)
 n - a ring of resist corrosion (right hand)
Scrolls
 d - a scroll of teleportation {unknown}
 e - 3 scrolls of identify {unknown}
 f - a scroll of brand weapon {unknown}
 g - 4 scrolls of enchant armour {unknown}
 l - 3 scrolls of blinking {unknown}
 p - a scroll of acquirement {unknown}
 q - a scroll of summoning {unknown}
 r - a scroll of silence {unknown}
Potions
 c - a potion of mutation {unknown}
 h - a potion of lignification {unknown}
 i - a potion of haste {unknown}
 j - 2 potions of curing {unknown}
 o - a potion of magic {unknown}


   Skills:
 + Level 4.4 Fighting
 + Level 4.6 Axes
 + Level 2.5 Armour
 + Level 2.6 Dodging
 + Level 0.3 Stealth


You had 2 spell levels left.
You didn't know any spells.
Your spell library was empty.

Dungeon Overview and Level Annotations

Branches:
Dungeon (3/15)

Altars:


Innate Abilities, Weirdness & Mutations

You have a pair of horns on your head.
You reflexively headbutt those who attack you in melee.


Message History

You're too confused to move!
You hear some strange, mumbled words.
Something tries to affect you, but you resist.
The orc hits you with a +0 falchion. The orc hits you but does no damage.
Something hits you but does no damage.
You feel less confused.
A kobold comes into view. It is wielding a +0 club.
The kobold shouts!
The worm barely misses you. You furiously retaliate!
You headbutt the worm, but do no damage.
Something hits you but does no damage.
You slash the kobold!
You kill the kobold!
Trog accepts your kill.
You barely miss something. Something hits you but does no damage.
You hear some strange, mumbled words.
You are confused.
Things that are here:
a +0 club; a scroll labelled PELAEP FES Something hits you.
There are monsters nearby!
You bump into the rock wall.
Something hits you.
You bump into the rock wall.
Something hits you but does no damage. Something hits you.
Things that are here:
a +0 club; a scroll labelled PELAEP FES You bump into the rock wall.
Something hits you. Something hits you. Something hits you but does no damage.
You feel less confused.
You hear some strange, mumbled words.
Something tries to affect you, but you resist.
A puff of flame appears from out of thin air!
The puff of flame hits you!
* * * LOW HITPOINT WARNING * * *
Something tries to affect you, but you resist.
There is an open door here.
A puff of flame appears from out of thin air!
The puff of flame hits you!
You die...

#..#........#.........
#..#...w..# ..... ...
#..#...##)# #... ...
#....{..#o# #.. ...
#.....o.#.## #.#######
##......#ow###........
#......#o......######
####'###......)# #@#
#..)..))#
#.........>.............
######........##.##...[.
#.......##...##.###
#.?.....#.###.#...
#.....#.#. .# #..
#.....#.# # ## #.....# #


You could see a worm and an orc.

Vanquished Creatures
  A dart slug (D:1)
  5 orcs (D:3)
  4 bats
  3 endoplasms
  A giant cockroach (D:1)
  A goblin (D:1)
  4 hobgoblins
  4 jackals (D:2)
  2 quokkas
  9 frilled lizards (D:1)
  7 kobolds
  4 rats (D:2)
45 creatures vanquished.

Vanquished Creatures (others)
  4 plants (D:1)
4 creatures vanquished.

Grand Total: 49 creatures vanquished

Notes
Turn   | Place    | Note
-------+----------+-------------------------------------------
     0 | D:1      | kingsuperguy the Minotaur Berserker began the quest for the
                  | Orb.
     0 | D:1      | Reached XP level 1. HP: 19/19 MP: 0/0
   475 | D:1      | Reached XP level 2. HP: 27/27 MP: 1/1
  1480 | D:2      | Reached XP level 3. HP: 32/33 MP: 2/2
  1628 | D:2      | Reached ** piety under Trog
  2092 | D:3      | Killed from afar by an orc wizard

Illustrated notes

Levels and vault maps discovered:
D:1:      dpeg_arrival_long_road, layout_loops_ring, minmay_lizard_king
D:2:      layout_basic
D:3:      cheibrodos_pilgrimage, layout_basic, grunt_temple_overflow_cloverleaf,
          minmay_checkerbox

Skill      XL: |  1  2 |
---------------+-------+-----
Fighting       | 4 |  4.4
Axes           | 4 |  4.6
Armour         | |  2.5
Dodging        | |  2.6
Stealth        | |  0.3

Action                   || total
-------------------------++-------
Melee: Hand axe          ||    88
       Headbutt          ||     8
       Punch             ||     1
Armor: Animal skin       ||    13
       Chain mail        ||    38
Dodge: Dodged            ||    64
